Map: [ESL] Data-C

Players

Astrea - Winner!

  • Race: Protoss Protoss
  • Spawn Location: 3:00

MeomaikA

  • Race: Zerg Zerg
  • Spawn Location: 9:00

Event: DreamHack SC2 Masters 2022 Valencia

VOD

Have the link to the VOD?

Description

Time

  • Played on: July 2, 2022, 6:03 a.m.
  • Length: 6:14

All games in this series

Show
View Real Time Build Order
Export as new Build Order

Astrea Protoss - Winner!

Build Orders: Oracle Opening 

Get SALT Encoding   

  12  0:00  Probe  
  13  0:12  Probe  
  14  0:17  Pylon  
  14  0:24  Probe (Chrono Boost)  
  15  0:36  Probe (Chrono Boost)  
  15  0:38  Gateway  
  16  0:45  Probe (Chrono Boost)  
  16  0:46  Assimilator  
  17  0:51  Probe  
  18  1:03  Probe  
  19  1:15  Probe  
  20  1:22  Pylon  
  20  1:24  Zealot (Chrono Boost)  
  20  1:25  Cybernetics Core  
  20  1:27  Probe  
  23  1:33  Assimilator  
  23  1:40  Probe  
  23  1:43  Zealot (Chrono Boost)  
  26  1:52  Probe  
  27  2:03  Warp Gate  
  27  2:04  Pylon, Probe  
  27  2:07  Adept (Chrono Boost)  
  30  2:16  Probe  
  32  2:30  Adept  
  33  2:37  Nexus  
  33  2:41  Probe  
  34  2:50  Stargate  
  34  2:53  Probe  
  35  3:05  Probe  
  36  3:10  Stalker  
  38  3:14  Pylon  
  38  3:17  Probe  
  39  3:31  Oracle (Chrono Boost)  
  39  3:32  Probe  
  43  3:44  Probe  
  44  3:49  Gateway  
  44  3:50  Probe  
  45  3:56  Probe  
  45  3:59  Oracle (Chrono Boost)  
  49  4:03  Probe  
  49  4:08  Probe  
  51  4:15  Probe  
  50  4:21  Probe  
  51  4:27  Probe  
  51  4:28  Pylon, Oracle  
  55  4:33  Probe  
  54  4:39  Probe  
  54  4:45  Probe  
  56  4:47  Adept  
  56  4:48  Adept  
  56  4:51  Probe, Assimilator  
  56  4:52  Pylon  
  57  4:55  Robotics Facility, Assimilator  
  57  4:57  Probe  
  58  5:01  Pylon  
  58  5:03  Probe  
  58  5:04  Pylon  
  57  5:09  Probe  
  57  5:10  Adept x2  
  62  5:15  Probe  
  63  5:21  Probe  
  63  5:23  Nexus  
  63  5:27  Probe  
  65  5:33  Probe  
  65  5:39  Adept x2  
  69  5:46  Robotics Bay  
  69  5:49  Gateway  
  69  5:50  Forge  
  69  5:57  Shield Battery  
  69  5:59  Shield Battery  
  69  6:03  Adept x2  
  77  6:09  Pylon  
Show
View Real Time Build Order
Export as new Build Order

MeomaikA Zerg 

Build Orders: 3 Hatch before Pool 

Get SALT Encoding   

  12  0:00  Drone  
  13  0:08  Drone  
  14  0:16  Overlord  
  14  0:25  Drone, Extractor  
  15  0:34  Drone  
  15  0:35  Drone  
  17  0:54  Hatchery  
  17  0:55  Drone  
  17  1:18  Hatchery  
  16  1:19  Drone  
  16  1:23  Drone  
  18  1:36  Spawning Pool  
  17  1:40  Drone  
  17  1:45  Extractor  
  17  1:46  Drone  
  18  1:48  Drone  
  19  1:56  Drone  
  20  2:05  Drone  
  20  2:08  Drone  
  22  2:14  Drone  
  23  2:17  Drone  
  24  2:23  Queen  
  24  2:26  Queen  
  24  2:29  Overlord  
  29  2:31  Overlord  
  28  2:46  Metabolic Boost  
  28  2:48  Zergling x6  
  28  2:49  Zergling x2  
  32  2:56  Zergling x2  
  33  2:58  Queen  
  33  3:01  Drone  
  36  3:07  Drone  
  36  3:10  Drone  
  38  3:18  Drone  
  39  3:24  Drone  
  40  3:29  Drone  
  40  3:31  Overlord, Drone x3  
  40  3:32  Extractor  
  40  3:34  Drone  
  44  3:41  Hatchery  
  44  3:42  Drone  
  44  3:44  Overlord  
  44  3:51  Drone x2  
  44  3:52  Drone  
  47  3:59  Overlord  
  47  4:01  Lair  
  47  4:03  Zergling x2  
  47  4:06  Zergling x2  
  47  4:08  Zergling x2  
  47  4:09  Zergling x4  
  50  4:10  Zergling x2  
  50  4:13  Zergling x2  
  50  4:14  Zergling x2  
  51  4:17  Extractor  
  46  4:33  Drone x4  
  46  4:37  Drone x3  
  46  4:38  Drone  
  45  4:46  Drone x2  
  45  4:50  Drone  
  45  5:01  Zergling x4, Hydralisk Den  
  45  5:04  Zergling x2  
  45  5:14  Nydus Network, Roach Warren  
  45  5:16  Zergling x2  
  45  5:31  Queen x2  
  41  5:55  Nydus Canal  

Tags
 
Add a new tag
Caveats
  • Supply blocks, unpowered buildings, or Contaminate may cause inaccurate times.
  • Supply counts are checked every 10 seconds.